 Dungeon Crawl Stone Soup version 0.20.1-1-g8b1a95d66d (webtiles) character file.

49 NullDivider the Charlatan (level 3, -2/24 HPs)
             Began as an Octopode Artificer on Dec 7, 2017.
             Slain by an adder (3 damage)
             ... on level 2 of the Dungeon.
             The game lasted 00:04:47 (1607 turns).

NullDivider the Charlatan (Octopode Artificer)      Turns: 1607, Time: 00:04:47

Health: -2/24      AC:  1    Str: 11    XL:     3   Next: 77%
Magic:  5/5        EV: 14    Int: 13    God:
Gold:   54         SH:  0    Dex: 13    Spells: 2/2 levels left

rFire    . . .     SeeInvis .   a - +0 short sword
rCold    . . .     Gourm    .   (no shield)
rNeg     . . .     Faith    .   (helmet restricted)
rPois    .         Spirit   .   (no amulet)
rElec    .         Reflect  .   (no ring)
rCorr    .         Harm     .   (no ring)
MR       .....                  (no ring)
Stlth    ++++......             (no ring)
Regen    0.1/turn               (no ring)
MPRegen  0.1/turn               (no ring)
                                (no ring)
                                (no ring)

@: no status effects
A: almost no armour, stealthy swim, amphibious, 8 rings, constrict 8, camouflage
1, gelatinous body 1
a: no special abilities


You were on level 2 of the Dungeon.
You were not hungry.

You visited 1 branch of the dungeon, and saw 2 of its levels.

You collected 54 gold pieces.

Inventory:

Hand Weapons
 a - a +0 short sword (weapon)
Jewellery
 k - an uncursed amulet of harm {unknown}
Wands
 b - a wand of flame (15/48)
 c - a wand of enslavement (15/24)
 d - a wand of random effects (15/48)
Scrolls
 e - a scroll of recharging {unknown}
 h - a scroll of remove curse {unknown}
 j - a scroll of blinking {unknown}
Potions
 l - a potion of heal wounds {unknown}
Comestibles
 f - 3 bread rations
 g - 6 chunks of flesh
 i - a royal jelly


   Skills:
 + Level 1.7 Fighting
 + Level 1.4 Short Blades
 + Level 2.4 Dodging
 * Level 3.0 Stealth
 + Level 3.6 Evocations


You had 2 spell levels left.
You didn't know any spells.

Dungeon Overview and Level Annotations

Branches:
Dungeon (2/15)

Altars:
Okawaru


Innate Abilities, Weirdness & Mutations

You cannot wear most types of armour.
You are very stealthy in the water. (Stealth+)
You are amphibious.
You can wear up to eight rings at the same time.
You can use your tentacles to constrict eight enemies at once.
Your skin changes colour to match your surroundings (Stealth+).
Your rubbery body absorbs attacks. (AC +1, EV +1)


Message History

You hit the adder. Your grab misses the adder.
The adder is lightly wounded.
The adder bites you.
* * * LOW HITPOINT WARNING * * *
The adder closely misses you.
Some of the chunks of flesh in your inventory have rotted away.
You miss the adder. Your grab misses the adder.
The adder is lightly wounded.
The adder barely misses you.
You barely miss the adder. Your grab misses the adder.
The adder is lightly wounded.
The adder barely misses you. The adder bites you.
* * * LOW HITPOINT WARNING * * *
You hit the adder. Your grab misses the adder.
The adder is moderately wounded.
The adder closely misses you.
You miss the adder. You grab the adder.
The adder is moderately wounded.
You constrict the adder. The adder bites you.
You die...

.....#.>
......[...........
.................
.....# .?.......#######
....## ........≈g≈...#
...## ##......≈≈≈.8.#
.### #..........8_8#
<########......†S≈≈.8.#
.....[.........†@)≈.$.#
.#########$############
...#######.#
##......##.# #####..#.#
# ##.......#
###....<...#
............#
.............#


You could see an adder and a goblin.

Vanquished Creatures
  A dart slug (D:1)
  2 leopard geckos (D:1)
  5 bats (D:1)
  4 giant cockroaches
  7 goblins
  2 hobgoblins
  5 jackals (D:1)
  4 kobolds
  3 frilled lizards
  9 rats (D:1)
42 creatures vanquished.

Notes
Turn   | Place    | Note
-------+----------+-------------------------------------------
     0 | D:1      | NullDivider the Octopode Artificer began the quest for the Orb.
     0 | D:1      | Reached XP level 1. HP: 13/13 MP: 3/3
   243 | D:1      | Reached XP level 2. HP: 18/18 MP: 4/4
   899 | D:1      | Reached XP level 3. HP: 17/23 MP: 5/5
  1587 | D:2      | Found an iron altar of Okawaru.
  1605 | D:2      | HP: 1/24 [adder (2)]
  1607 | D:2      | Slain by an adder

Skill      XL: |  1  2  3 |
---------------+----------+-----
Stealth        | 2 3 |  3.0
Fighting       | |  1.7
Short Blades   | |  1.4
Dodging        | |  2.4
Evocations     | |  3.6

Action                   || total
-------------------------++-------
Melee: Short sword       ||    92
       Constrict         ||    21
       Tentacles         ||    13
 Stab: Sleeping          ||     6
  Eat: Chunk             ||     2
Armor: Skin              ||     7
Dodge: Dodged            ||    58
